 Dungeon Crawl Stone Soup version 0.29-a0-284-gf9362112df (webtiles) character file.

Game seed: 8145007902540875140

43 marklar909 the Skirmisher (level 3, 0/31 HPs)
             Began as a Palentonga Fighter on Mar 22, 2022.
             Succumbed to an adder's poison
             ... on level 2 of the Dungeon.
             The game lasted 00:01:01 (1002 turns).

marklar909 the Skirmisher (Palentonga Fighter)      Turns: 1002, Time: 00:01:02

Health: 0/31       AC:  6    Str: 21    XL:     3   Next: 37%
Magic:  3/3        EV:  7    Int:  8    God:
Gold:   110        SH:  4    Dex:  9    Spells: 2/2 levels left

rFire   . . .      SeeInvis +   a - +0 war axe
rCold   . . .      Faith    .   c - +0 buckler
rNeg    . . .      Spirit   .   b - +0 scale mail
rPois   .          Reflect  .   (no helmet)
rElec   .          Harm     .   (no cloak)
rCorr   .          Rampage  .   (no gloves)
Will    .....                   (no barding)
Stlth   ..........              (no amulet)
HPRegen 0.10/turn               (no ring)
MPRegen 0.08/turn               (no ring)

@: brilliant, lethally poisoned (0 -> -9), hasted, very quick
A: large, rugged brown scales 3, see invisible, deformed body, roll 1, armoured
tail
a: Rolling Charge


You were on level 2 of the Dungeon.
You visited 1 branch of the dungeon, and saw 2 of its levels.

You collected 110 gold pieces.

Inventory:

Hand Weapons
 a - a +0 war axe (weapon)
Armour
 b - a +0 scale mail (worn)
 c - a +0 buckler (worn)
Jewellery
 g - an amulet of reflection
 o - an amulet of magic regeneration
Wands
 n - a wand of acid (14)
Scrolls
 e - a scroll of immolation {unknown}
 h - a scroll of brand weapon {unknown}
 i - a scroll of amnesia {unknown}
 j - a scroll of identify {unknown}
 k - a scroll of magic mapping {unknown}
 l - a scroll of enchant armour {unknown}
Potions
 d - a potion of might


   Skills:
 + Level 3.3 Fighting
 + Level 2.7 Axes
 + Level 2.8 Armour
 + Level 0.2 Dodging
 + Level 2.6 Shields


You had 2 spell levels left.
You didn't know any spells.
Your spell library was empty.

Dungeon Overview and Level Annotations

Branches:
Dungeon (2/15)

Altars:
Wu Jian

Annotations:
D:1 1 runed translucent door


Innate Abilities, Weirdness & Mutations

You are completely covered in rugged brown scales. (AC +3, +7% HP)
You have supernaturally acute eyesight. (SInv)
Armour fits poorly on your strangely shaped body.
You can roll at nearby foes to attack.
You have a long armoured tail.


Message History

The adder poisons you!
There are monsters nearby!
You barely miss the adder.
Your tail-slap misses the adder.
You feel sick. The adder bites you but does no damage.
There are monsters nearby!
You hit the adder. You tail-slap the adder!
The adder is almost dead.
You closely miss the hobgoblin.
You feel sick. The adder barely misses you. The adder bites you.
You are more poisoned.
The adder poisons you! The hobgoblin hits you.
There are monsters nearby!
You closely miss the adder.
The adder is almost dead.
You hit the hobgoblin.
You feel sick. The adder bites you but does no damage.
The hobgoblin hits you but does no damage.
The adder bites you but does no damage.
You closely miss the adder.
The adder is severely wounded.
You slash the hobgoblin!
You kill the hobgoblin!
You feel sick. The adder bites you.
You are more poisoned.
The adder poisons you! The adder bites you.
You are more poisoned.
The adder poisons you!
It was a potion of haste.
You feel yourself speed up.
* * * LOW HITPOINT WARNING * * *
You feel very sick. The adder bites you.
* * * LOW HITPOINT WARNING * * *
It was a potion of brilliance.
You feel clever all of a sudden.
* * * LOW HITPOINT WARNING * * *
You feel sick. The adder bites you but does no damage.
Okay, then.
Okay, then.
* * * LOW HITPOINT WARNING * * *
You feel sick. The adder barely misses you.
You die...

#..........
#.......###
##.†.....#
#########........#
#...............##
#....#.........##
#....##.._†.#### ##
#....##.....# ##.
#..@S#......## ##..
#............####..#
#.....†#####........
#.......# #####..#.
#...!.#... #.##.
###...###.# #.###
#.### ..# #.# # #.#
... ... . #. ## ..#


You could see an adder.

Vanquished Creatures
  2 dart slugs (D:1)
  6 bats
  3 endoplasms
  A giant cockroach (D:2)
  6 goblins
  2 hobgoblins
  4 jackals (D:1)
  A quokka (D:1)
  4 ball pythons
  A frilled lizard (D:1)
  A kobold (D:1)
  3 rats
34 creatures vanquished.

Notes
Turn   | Place    | Note
-------+----------+-------------------------------------------
     0 | D:1      | marklar909 the Palentonga Fighter began the quest for the
                  | Orb.
     0 | D:1      | Reached XP level 1. HP: 19/19 MP: 1/1
     0 | D:1      | Noticed a jelly
     1 | D:1      | Found a runed translucent door.
    52 | D:1      | Reached XP level 2. HP: 17/25 MP: 2/2
   629 | D:1      | Reached XP level 3. HP: 30/31 MP: 3/3
   936 | D:2      | Found an ornate altar of the Wu Jian Council.
  1001 | D:2      | HP: 1/31 [poisoned by an adder]
  1002 | D:2      | Succumbed to an adder's poison

Illustrated notes

Levels and vault maps discovered:
D:1:      dpeg_arrival_caged_fury, layout_rooms, ebering_dispersal_statue_hall
D:2:      layout_rooms, basic_altar

Action                   || total
-------------------------++-------
Melee: War axe           ||    73
       Tailslap          ||     4
  Use: Potion            ||     2
Armor: Scale mail        ||    60
Dodge: Dodged            ||    33
Block: Buckler           ||    16

Table legend: (Time is in decaauts)
 A = Elapsed time spent in this place.
 B = Non-inter-level travel time spent in this place.
 C = Inter-level travel time spent in this place.
 D = Time resting spent in this place.
 E = Time spent auto-exploring this place.
 F = Levels seen in this place.
 G = Mean time per level.
                   A        B        C        D        E       F      G
               +--------+--------+--------+--------+--------+-----+--------+
         Total |   1031 |   1011 |     20 |      0 |    801 |   2 |  515.5 |
       Dungeon |   1031 |   1011 |     20 |      0 |    801 |   2 |  515.5 |
               +--------+--------+--------+--------+--------+-----+--------+

Top non-repeatable levels by time:
     D:1: 746 daAuts
     D:2: 285 daAuts
